 Dungeon Crawl Stone Soup version 0.24.0-123-gd5b16e6ec5 (webtiles) character file.

Game seed: 14024227126485895956, levelgen mode: deterministic

285580 Norian the Eclecticist (level 19, -4/117 HPs)
             Began as a Deep Elf Conjurer on Dec 28, 2019.
             Was the Champion of Vehumet.
             Splashed with acid (18 damage)
             ... on level 3 of the Pits of Slime on Jan 2, 2020.
             The game lasted 02:52:10 (52814 turns).

Norian the Eclecticist (Deep Elf Conjurer)         Turns: 52814, Time: 02:52:10

Health: -4/117     AC: 14    Str: 14      XL:     19   Next: 81%
Magic:  53/53      EV: 25    Int: 27      God:    Vehumet [******]
Gold:   1207       SH:  0    Dex: 20 (21) Spells: 6/57 levels left

rFire    + + +     SeeInvis +   O - +5 long sword of Suism {freeze, Fragile rPois SInv}
rCold    + + .     Gourm    .   h - +2 buckler of Least Resistance {+Fly rF+++ MP+9}
rNeg     + . .     Faith    .   T - +1 troll leather armour
rPois    +         Spirit   .   a - +1 helmet "Imnaf" {+Fly Str+4}
rElec    .         Reflect  .   A - scarf {rC+ rF+}
rCorr    .         Harm     .   i - +1 pair of gloves {Dex+3}
MR       +....                  N - +0 pair of boots
Stlth    ++........             G - amulet of magic regeneration
HPRegen  0.69/turn              J - ring of positive energy
MPRegen  0.58/turn              E - ring of protection from cold

@: confused, brilliant, agile, flying, very slightly contaminated, hasted
(expiring), very quick
A: slimy green scales 1, clumsy 1, deterioration 1, dopey 1, screaming 1
}: 2/15 runes: decaying, serpentine
a: Renounce Religion


You were on level 3 of the Pits of Slime.
You worshipped Vehumet.
Vehumet was exalted by your worship.
You were very hungry.

You visited 7 branches of the dungeon, and saw 36 of its levels.
You also visited: Ice Cave.

You collected 2741 gold pieces.
You spent 1534 gold pieces at shops.

Inventory:

Hand Weapons
 q - the +0 mace of Ogakkixi {freeze, SInv Stlth+}
   (You bought it in a shop on level 1 of the Orcish Mines)

   It has been specially enchanted to freeze those struck by it, causing extra
   injury to most foes and up to half again as much damage against particularly
   susceptible opponents.
   It can also slow down cold-blooded creatures.
   It lets you see invisible.
   It makes you more stealthy.
 O - the +5 long sword of Suism (weapon) {freeze, Fragile rPois SInv}
   (You bought it in a shop on level 14 of the Dungeon)

   It has been specially enchanted to freeze those struck by it, causing extra
   injury to most foes and up to half again as much damage against particularly
   susceptible opponents.
   It can also slow down cold-blooded creatures.
   It protects you from poison.
   It lets you see invisible.
   It will be destroyed if unequipped.
Armour
 a - the +1 helmet "Imnaf" (worn) {+Fly Str+4}
   (You bought it in a shop on level 2 of the Orcish Mines)

   It affects your strength (+4).
   It lets you fly.
 h - the +2 buckler of Least Resistance (worn) {+Fly rF+++ MP+9}
   (You bought it in a shop on level 1 of the Orcish Mines)

   It renders you almost immune to fire.
   It affects your magic capacity (+9).
   It lets you fly.
 i - a +1 pair of gloves of dexterity (worn)
 m - a +0 shield of reflection
 A - a scarf of resistance (worn)
 N - a +0 pair of boots (worn)
 T - a +1 troll leather armour (worn)
Magical Staves
 w - an uncursed staff of energy
Jewellery
 r - an uncursed ring of resist corrosion
 z - an uncursed ring of wizardry
 E - a ring of protection from cold (right hand)
 G - an amulet of magic regeneration (around neck)
 I - an uncursed amulet of the gourmand
 J - a ring of positive energy (left hand)
 L - the ring "Lobb" {*Slow rN+ rCorr Dex+4}
   (You found it on level 6 of the Lair of Beasts)

   [ring of resist corrosion]

   It affects your dexterity (+4).
   It protects you from negative energy.
   It provides partial protection from all sources of acid and corrosion.
   It may slow you when you take damage.
 S - an uncursed ring of wizardry
 X - an uncursed ring of magical power
Wands
 k - a wand of flame (58)
 o - a wand of polymorph (18)
 x - a wand of disintegration (22)
 y - a wand of scattershot (4)
 D - a wand of iceblast (3)
 F - a wand of digging (4)
 H - a wand of acid (4)
 Q - a wand of clouds (2)
 R - a wand of enslavement (4)
Scrolls
 b - 6 scrolls of enchant armour
 d - 4 scrolls of magic mapping
 e - 11 scrolls of enchant weapon
 f - 5 scrolls of amnesia
 g - 16 scrolls of teleportation
 n - 21 scrolls of identify
 s - 12 scrolls of remove curse
 v - 3 scrolls of fog
 B - 2 scrolls of summoning
 M - 4 scrolls of fear
 V - 3 scrolls of blinking
Potions
 j - 2 potions of magic
 l - a potion of might
 p - 2 potions of agility
 t - 3 potions of haste
 u - 3 potions of brilliance
 C - 3 potions of ambrosia
 K - 3 potions of flight
Miscellaneous
 P - a sack of spiders
Comestibles
 c - 11 rations


   Skills:
 - Level 12.4 Fighting
 - Level 7.0 Armour
 - Level 10.0 Dodging
 - Level 2.4 Stealth
 - Level 7.0 Shields
 + Level 19.6 Spellcasting
 + Level 19.1 Conjurations
 - Level 7.2 Hexes
 - Level 9.0 Summonings
 - Level 4.3 Translocations
 - Level 11.0 Fire Magic
 + Level 8.8 Ice Magic
 - Level 6.3 Air Magic
 - Level 7.1 Earth Magic
 - Level 5.0 Evocations


You had 6 spell levels left.
You knew the following spells:

 Your Spells              Type           Power        Failure   Level  Hunger
a - Orb of Destruction    Conj           #######...   1%          7    ####...
b - Iskenderun's Mystic   Conj           #######.     0%          4    None
c - Fulminant Prism       Conj/Hex       #######...   1%          4    None
d - Blink                 Tloc           N/A          1%          2    None
e - Bolt of Fire          Conj/Fire      #######...   1%          6    #......
f - Freezing Cloud        Conj/Ice/Air   #######...   1%          6    #......
g - Spellforged Servitor  Conj/Summ      #######...   1%          7    ####...
h - Iron Shot             Conj/Erth      #######...   1%          6    #......
i - Glaciate              Conj/Ice       #######...   47%         9    #######

Your spell library contained the following spells:

 Spells                   Type           Power        Failure   Level  Hunger
 Lehudib's Crystal Spear  Conj/Erth      #######...   7%          8    ######.
 Chain Lightning          Conj/Air       #######...   8%          8    ######.
 Magic Dart               Conj           ####         0%          1    None
 Searing Ray              Conj           ######       0%          2    None
 Throw Flame              Conj/Fire      ######       0%          2    None
 Conjure Flame            Conj/Fire      #######.     0%          3    None
 Confusing Touch          Hex            ######       1%          1    None
 Freeze                   Ice            ####         1%          1    None
 Call Imp                 Summ           ######..     1%          2    None
 Poisonous Vapours        Pois/Air       ######       1%          2    None
 Shroud of Golubria       Chrm/Tloc      ######       1%          2    None
 Slow                     Hex            ######..     1%          2    None
 Confuse                  Hex            ######..     1%          3    None
 Dazzling Spray           Conj/Hex       ######       1%          3    None
 Gell's Gravitas          Tloc           ######....   1%          3    None
 Ignite Poison            Fire/Tmut/Pois ######..     1%          3    None
 Lesser Beckoning         Tloc           ######....   1%          3    None
 Mephitic Cloud           Conj/Pois/Air  ######..     1%          3    None
 Teleport Other           Tloc           ######..     1%          3    None
 Force Lance              Conj/Tloc      #######.     1%          4    None
 Leda's Liquefaction      Hex/Erth       ######....   1%          4    None
 Passage of Golubria      Tloc           N/A          1%          4    None
 Petrify                  Tmut/Erth      ######..     1%          4    None
 Bolt of Magma            Conj/Fire/Erth #######...   1%          5    None
 Iskenderun's Battlesphe  Conj/Chrm      #######.     1%          5    None
 Metabolic Englaciation   Hex/Ice        ######....   1%          5    None
 Venom Bolt               Conj/Pois      #######...   1%          5    None
 Yara's Violent Unravell  Hex/Tmut       ######....   1%          5    None
 Statue Form              Tmut/Erth      ######...    8%          6    #......
 Ignition                 Fire           #######...   14%         8    ######.
 Ring of Flames           Chrm/Fire      ######....   17%         7    ####...
 Shatter                  Erth           ######....   99%         9    #######


Dungeon Overview and Level Annotations

Branches:
Dungeon (15/15)            Temple (1/1) D:4            Lair (6/6) D:8
  Swamp (4/4) Lair:2        Snake (4/4) Lair:3        Slime (4/5) Lair:6
    Orc (2/2) D:9             Elf (0/3) Orc:2        Vaults (0/5) D:13
 Depths (0/5) D:15          IceCv (visited)

Altars:
Dithmenos
Elyvilon
Fedhas
Gozag
Makhleb
Okawaru
Ru
Trog
Vehumet
Yredelemnul
Zin
Jiyva

Shops:
D:12 *   D:14 (   Orc:1 *   Orc:2 (![%   Snake:2 *   Snake:3 %!}%   Snake:4 =}}


Innate Abilities, Weirdness & Mutations

You are partially covered in slimy green scales. (AC +2)
You are clumsy. (Dex -2)
Your body sometimes deteriorates upon taking damage.
You are dopey. (Int -2)
You occasionally shout uncontrollably at your foes.


Message History

You're too confused!
Unknown command.
Evoke which item? (* to show all) (? for menu, Esc to quit)
You reach into the bag... ...and things crawl out!
The very large slime creature oozes through a web.
The shining eye evades a web.
The golden eye evades a web.
You are splashed with acid!
* * * LOW HITPOINT WARNING * * *
Your body deteriorates!
You feel clumsy. The golden eye blinks at you.
You are more confused.
The slime creature hits your worker ant!
Your worker ant dies!
Your worker ant's corpse disappears in a puff of smoke!
The golden eye blinks at you.
You easily resist.
The golden eye blinks at you. You resist with almost no effort.
You are splashed with acid!!
You die...

#.#.##.# .......
#..... ##....#
.....##.# #.##
#...##...#...#
###....#....#..##
##§a...## ........
#@GJ....# #......
#.GJJ..#####...#..
#JG......##.......
##JJG>..........<.
##G.G.............
#...........J...#.
#.....#.........##
#.................
#.................


You could see a great orb of eyes, 2 very large slime creatures, a large slime
creature, 3 slime creatures, a shining eye, 4 golden eyes and a friendly soldier
ant.

Vanquished Creatures
  Jorgrun (D:13)
  7 acid blobs
  Frances (Swamp:2)
  Gastronok (D:11)
  5 thorn hunters
  6 nagarajas
  3 azure jellies
  A frost giant (IceCv)
  2 orc warlords (Orc:1)
  An emperor scorpion (D:15)
  Louise (D:15)
  Aizul (Snake:4)
  Nessos (Lair:4)
  4 dire elephants
  A great orb of eyes (Slime:1)
  3 ogre magi
  3 shambling mangroves
  14 naga warriors
  25 hydras
  2 centaur warriors (D:15)
  A death knight (D:13)
  Erica (D:9)
  3 ghost crabs
  12 alligators
  9 anacondas
  19 two-headed ogres
  3 tengu warriors
  9 naga sharpshooters
  The ghost of Groucho the Unseen, a journeyman FeBe of Trog (Lair:3)
  4 shock serpents
  6 spriggans
  A shadow wraith (D:13)
  An iron troll (Orc:2)
  3 salamander mystics
  3 naga ritualists
  An unseen horror (D:13)
  A spriggan druid (Swamp:1)
  A deep troll (Orc:2)
  3 orc knights
  A wizard (D:13)
  8 swamp dragons (Swamp:4)
  A wolf spider (D:15)
  7 oklob plants
  A wolf spider zombie (D:15)
  4 mana vipers
  3 deep elf magi
  5 orc sorcerers
  7 ugly things
  2 manticores
  3 shining eyes
  12 salamanders
  3 cyclopes
  21 black mambas
  5 guardian serpents
  17 naga magi
  6 elephants (Lair:6)
  2 gargoyles
  An ice statue (IceCv)
  17 spiny frogs
  2 centaur skeletons
  A kobold demonologist (D:14)
  2 efreet (D:14)
  A yaktaur (D:13)
  6 komodo dragons
  4 rime drakes
  A merfolk (D:10)
  17 trolls
  18 polar bears
  17 blink frogs
  5 tyrant leeches
  14 hornets
  45 slime creatures
  9 bog bodies
  8 hippogriffs
  A wyvern (D:13)
  2 vampires
  51 yaks
  2 shadows
  A wraith (D:11)
  A wyvern (shapeshifter) (D:15)
  4 basilisks
  10 golden eyes
  3 steam dragons
  4 hungry ghosts
  3 vampire mosquitoes
  19 swamp worms
  34 nagas
  2 wargs
  17 water moccasins
  8 porcupines
  An acid dragon (D:13)
  A floating eye (Slime:3)
  12 swamp drakes
  4 sky beasts
  33 orc warriors
  2 ice beasts
  8 phantoms
  6 black bears
  28 ogres
  18 wolves (IceCv)
  15 centaurs
  11 crocodiles
  4 big kobolds
  18 bullfrogs
  3 gnoll sergeants
  6 scorpions
  6 killer bees (D:8)
  2 howler monkeys
  8 wights
  3 electric eels
  7 crimson imps
  2 bullfrog zombies
  3 centaur zombies
  3 jellies
  Crazy Yiuf (D:3)
  3 bullfrog skeletons
  21 orc priests
  4 hounds
  23 orc wizards
  3 iguanas
  Ijyb (D:2)
  Natasha (thrice) (D:3)
  9 worker ants
  2 hound skeletons
  Robin (D:3)
  A worker ant zombie (D:6)
  27 gnolls
  18 adders
  A howler monkey skeleton (D:7)
  4 shadow imps
  12 white imps (Lair:4)
  An ooze (D:3)
  An adder zombie (D:6)
  An adder skeleton (D:8)
  3 worms
  3 dart slugs
  8 leopard geckos
  97 orcs
  12 bats
  7 giant cockroaches
  12 goblins
  9 hobgoblins
  17 jackals
  5 quokkas
  2 ball pythons
  5 frilled lizards
  17 kobolds
  A leopard gecko zombie (D:8)
  7 rats
  A bush (Lair:6)
  A fulminant prism (D:13)
  2 fungi
  19 plants
1172 creatures vanquished.

Vanquished Creatures (collateral kills)
  4 acid blobs
  Kirke (Swamp:3)
  2 azure jellies
  3 nagarajas (Snake:4)
  A thorn hunter (Swamp:4)
  Donald (Swamp:3)
  2 dire elephants (Lair:6)
  A great orb of eyes (Slime:1)
  7 naga warriors
  An anaconda (Snake:2)
  An alligator (Swamp:4)
  A shambling mangrove (Swamp:3)
  7 naga sharpshooters
  4 shock serpents
  3 naga ritualists (Snake:4)
  2 mana vipers
  4 elephants (Lair:6)
  3 salamanders
  A shining eye (Slime:1)
  A guardian serpent (Snake:1)
  5 black mambas
  8 naga magi
  A spiny frog (Swamp:3)
  2 hornets (Swamp:3)
  2 bog bodies
  15 slime creatures
  A spriggan (Swamp:3)
  A human (Swamp:3)
  3 hogs (Swamp:3)
  3 yaks (Lair:6)
  A golden eye (Slime:1)
  3 vampire mosquitoes (Swamp:3)
  2 swamp worms
  18 nagas
  A swamp drake (Swamp:1)
  2 eyes of draining (Slime:1)
  3 fungi (Lair:6)
  A plant (Lair:6)
122 creatures vanquished.

Vanquished Creatures (others)
  Vashnia (Snake:4)
  An anaconda (Snake:4)
  A yak (IceCv)
  169 fulminant prisms
  12 fungi
  A plant (Lair:6)
185 creatures vanquished.

Grand Total: 1479 creatures vanquished

Notes
Turn   | Place    | Note
-------+----------+-------------------------------------------
     0 | D:1      | Norian the Deep Elf Conjurer began the quest for the Orb.
     0 | D:1      | Reached XP level 1. HP: 10/10 MP: 6/6
   159 | D:1      | Reached XP level 2. HP: 15/15 MP: 4/8
   808 | D:2      | Reached skill level 5 in Conjurations
   808 | D:2      | Reached XP level 3. HP: 19/19 MP: 8/10
  1238 | D:2      | Reached XP level 4. HP: 24/24 MP: 1/12
  1244 | D:2      | Learned a level 4 spell: Iskenderun's Mystic Blast
  1249 | D:2      | Learned a level 4 spell: Fulminant Prism
  1341 | D:2      | Found a shadowy altar of Dithmenos.
  1517 | D:3      | Noticed Ijyb
  1655 | D:2      | Killed Ijyb
  1655 | D:2      | Reached skill level 1 in Hexes
  1717 | D:3      | Reached skill level 5 in Spellcasting
  2092 | D:3      | Reached XP level 5. HP: 28/28 MP: 6/14
  2734 | D:3      | Found a faded altar of an unknown god.
  2887 | D:3      | Noticed Natasha
  2890 | D:3      | Killed Natasha
  2890 | D:3      | Reached XP level 6. HP: 32/32 MP: 12/16
  2993 | D:3      | Found a runed translucent door.
  2994 | D:3      | Noticed Crazy Yiuf
  2999 | D:3      | Killed Crazy Yiuf
  3129 | D:3      | Noticed Robin
  3133 | D:3      | Killed Robin
  3426 | D:3      | Noticed Natasha
  3429 | D:3      | Killed Natasha
  4309 | D:3      | Noticed Natasha
  4314 | D:3      | Killed Natasha
  4521 | D:4      | Reached XP level 7. HP: 20/36 MP: 1/19
  4759 | D:4      | Found a burning altar of Makhleb.
  4759 | D:4      | Noticed a cacodemon
  4763 | D:4      | Found a glowing silver altar of Zin.
  4763 | D:4      | Noticed an angel
  5343 | D:4      | Found a staircase to the Ecumenical Temple.
  5361 | Temple   | Entered the Ecumenical Temple
  5372 | Temple   | Became a worshipper of Vehumet
  5416 | D:5      | Entered Level 5 of the Dungeon
  5434 | D:5      | Reached skill level 5 in Hexes
  5695 | D:5      | Got a pitted trident
  5696 | D:5      | Identified the +3 trident of Symmetry {freeze, Int+3} (You
                  | found it on level 5 of the Dungeon)
  5935 | D:5      | Reached XP level 8. HP: 41/41 MP: 2/21
  6825 | D:6      | Reached * piety under Vehumet
  6825 | D:6      | Offered knowledge of Flame Tongue by Vehumet.
  7201 | D:6      | Reached skill level 1 in Armour
  7776 | D:7      | Reached XP level 9. HP: 43/45 MP: 9/24
  8724 | D:7      | Reached skill level 10 in Spellcasting
  8838 | D:7      | Reached skill level 5 in Dodging
  8844 | D:7      | Reached ** piety under Vehumet
  8844 | D:7      | Offered knowledge of Throw Flame by Vehumet.
  9173 | D:8      | Noticed a two-headed ogre
  9178 | D:8      | Killed a two-headed ogre
  9421 | D:8      | Reached XP level 10. HP: 36/50 MP: 11/26
  9575 | D:8      | Reached skill level 10 in Conjurations
  9709 | D:8      | Offered knowledge of Inner Flame by Vehumet.
  9861 | D:8      | Found a staircase to the Lair.
 10803 | D:9      | Noticed Erica
 11034 | D:9      | Killed Erica
 11194 | D:9      | Found a staircase to the Orcish Mines.
 11202 | D:9      | Reached skill level 5 in Armour
 11212 | D:9      | Reached *** piety under Vehumet
 12169 | D:9      | Reached XP level 11. HP: 54/54 MP: 22/29
 12344 | D:10     | Entered Level 10 of the Dungeon
 12464 | D:10     | Offered knowledge of Airstrike by Vehumet.
 12991 | D:10     | Found a sacrificial altar of Ru.
 13181 | D:10     | Learned a level 2 spell: Blink
 13817 | D:11     | Noticed a two-headed ogre
 13824 | D:11     | Killed a two-headed ogre
 13824 | D:11     | Reached skill level 1 in Translocations
 13824 | D:11     | Reached skill level 1 in Evocations
 14061 | D:11     | Noticed Gastronok
 14084 | D:11     | Killed Gastronok
 14084 | D:11     | Reached **** piety under Vehumet
 14414 | D:11     | Offered knowledge of Olgreb's Toxic Radiance by Vehumet.
 15206 | D:12     | Noticed a four-headed hydra
 15210 | D:12     | Killed a four-headed hydra
 15496 | D:12     | Reached skill level 10 in Dodging
 15746 | D:12     | Reached skill level 1 in Fighting
 15750 | D:12     | Reached skill level 5 in Evocations
 15839 | D:12     | Found Iolege's Incredible Inventory.
 16621 | D:13     | Reached XP level 12. HP: 61/61 MP: 24/30
 16703 | D:13     | Noticed a death knight
 16733 | D:13     | Reached skill level 1 in Shields
 16898 | D:13     | Noticed a two-headed ogre
 16902 | D:13     | Killed a two-headed ogre
 17041 | D:13     | Killed a death knight
 17050 | D:13     | Noticed a two-headed ogre
 17053 | D:13     | Killed a two-headed ogre
 17432 | D:13     | Found a gate to the Vaults.
 17473 | D:13     | Identified the +2 whip of Eternity {flame, +Inv rC+ Dex+3}
 17487 | D:13     | Noticed an eight-headed hydra
 17880 | D:13     | Killed an eight-headed hydra
 17955 | D:13     | Noticed Jorgrun
 18373 | Lair:1   | Entered Level 1 of the Lair of Beasts
 18641 | Lair:1   | Noticed a six-headed hydra
 18647 | Lair:1   | Killed a six-headed hydra
 18653 | Lair:1   | Noticed a six-headed hydra
 18698 | Lair:1   | Killed a six-headed hydra
 19226 | Lair:1   | Noticed a four-headed hydra
 19234 | Lair:1   | Killed a four-headed hydra
 19673 | Lair:2   | Got a scorched leather armour
 19688 | Lair:2   | Identified the +1 leather armour of the Hunter {rC++} (You
                  | found it on level 2 of the Lair of Beasts)
 19812 | Lair:2   | Found a staircase to the Swamp.
 19815 | Lair:2   | Reached ***** piety under Vehumet
 19815 | Lair:2   | Reached XP level 13. HP: 72/72 MP: 19/32
 19824 | Lair:2   | Offered knowledge of Sticky Flame by Vehumet.
 20188 | Lair:2   | Identified the Volume of Igneous Ice
 20202 | Lair:2   | Learned a level 6 spell: Bolt of Fire
 20386 | Lair:2   | Reached skill level 5 in Fighting
 20839 | Lair:3   | Reached skill level 1 in Fire Magic
 20976 | Lair:3   | Found the +7 mace of Variability {chain chaos}
 21399 | Lair:3   | Reached skill level 5 in Shields
 21609 | Lair:3   | Found a runed translucent door.
 21609 | Lair:3   | Noticed Groucho's ghost (journeyman FeBe)
 21623 | Lair:3   | Learned a level 6 spell: Freezing Cloud
 21640 | Lair:3   | Found a staircase to the Snake Pit.
 22448 | Lair:3   | Reached skill level 1 in Ice Magic
 22469 | Lair:3   | Reached skill level 1 in Air Magic
 22565 | Lair:4   | Noticed Nessos
 22601 | Lair:3   | HP: 3/72 [poisoned by Nessos]
 22609 | Lair:3   | HP: 3/72 [poisoned by Nessos]
 22972 | Lair:4   | Found a frozen archway.
 22985 | IceCv    | Entered an ice cave
 24404 | IceCv    | Noticed a frost giant
 24449 | IceCv    | Offered knowledge of Venom Bolt by Vehumet.
 24522 | IceCv    | Killed a frost giant
 24884 | Lair:4   | Got a bloodstained plate armour
 24968 | Lair:4   | Reached skill level 5 in Fire Magic
 24987 | Lair:4   | Killed Nessos
 24987 | Lair:4   | Reached XP level 14. HP: 48/78 MP: 15/34
 25889 | Lair:4   | Got a transparent trident
 25899 | Lair:4   | Identified the cursed +0 trident "Teah Xil" {venom, MR+}
                  | (You found it on level 4 of the Lair of Beasts)
 25921 | Lair:4   | Identified the +5 plate armour of the Ego {Str+5} (You
                  | found it on level 4 of the Lair of Beasts)
 26936 | Lair:6   | Entered Level 6 of the Lair of Beasts
 26936 | Lair:6   | Found a viscous altar of Jiyva.
 26936 | Lair:6   | Found a staircase to the Slime Pits.
 26948 | Lair:6   | Reached skill level 5 in Ice Magic
 27613 | Lair:6   | Reached skill level 5 in Air Magic
 27975 | Orc:1    | Entered Level 1 of the Orcish Mines
 28737 | Orc:1    | Offered knowledge of Lee's Rapid Deconstruction by Vehumet.
 28750 | Orc:1    | Learned a level 7 spell: Spellforged Servitor
 28844 | Orc:1    | Found Anufan's Assorted Antiques.
 28869 | Orc:1    | Bought a scorched buckler for 389 gold pieces
 28869 | Orc:1    | Bought a jewelled mace for 328 gold pieces
 28889 | Orc:1    | Identified the +2 buckler of Least Resistance {+Fly rF+++
                  | MP+9} (You bought it in a shop on level 1 of the Orcish
                  | Mines)
 28912 | Orc:1    | Identified the +0 mace of Ogakkixi {freeze, SInv Stlth+}
                  | (You bought it in a shop on level 1 of the Orcish Mines)
 29076 | Orc:2    | Entered Level 2 of the Orcish Mines
 29076 | Orc:2    | Found a staircase to the Elven Halls.
 29091 | Orc:2    | Noticed an orc warlord
 29303 | Orc:1    | Reached skill level 1 in Summonings
 29419 | Orc:1    | Killed an orc warlord
 29573 | Orc:2    | Noticed an orc warlord
 29877 | Orc:1    | Killed an orc warlord
 30764 | Orc:2    | Reached XP level 15. HP: 76/89 MP: 2/35
 31132 | Orc:2    | Reached skill level 5 in Summonings
 31617 | Orc:2    | Found Toekirph's Antique Armour Boutique.
 31618 | Orc:2    | Found Hedgh's Weapon Shop.
 31623 | Orc:2    | Found Tulute's Food Shoppe.
 31625 | Orc:2    | Bought a faintly humming helmet for 294 gold pieces
 31637 | Orc:2    | Identified the +1 helmet "Imnaf" {+Fly Str+4} (You bought
                  | it in a shop on level 2 of the Orcish Mines)
 31650 | Orc:2    | Found Rivvieg's Distillery.
 31798 | Orc:2    | Bought a faintly glowing leather armour for 217 gold pieces
 31811 | Orc:2    | Identified the +1 leather armour of the Spheres {Str+3
                  | SInv} (You bought it in a shop on level 2 of the Orcish
                  | Mines)
 32199 | D:13     | Killed Jorgrun
 32566 | D:13     | Offered knowledge of Ozocubu's Refrigeration by Vehumet.
 34486 | D:14     | Found Zyre's Antique Weapon Shop.
 34490 | D:14     | Bought a faintly glowing long sword for 306 gold pieces
 34491 | D:14     | Identified the +5 long sword of Suism {freeze, Fragile
                  | rPois SInv} (You bought it in a shop on level 14 of the
                  | Dungeon)
 34507 | D:14     | Reached skill level 10 in Fighting
 34567 | D:15     | Entered Level 15 of the Dungeon
 34927 | D:15     | Reached skill level 15 in Spellcasting
 35170 | D:15     | Noticed Louise
 35191 | D:15     | Killed Louise
 36328 | D:15     | Found a staircase to the Depths.
 37255 | Lair:6   | Reached ****** piety under Vehumet
 37879 | Lair:6   | Reached XP level 16. HP: 73/100 MP: 11/37
 37999 | Lair:6   | Got a translucent golden ring
 38003 | Lair:6   | Identified the ring "Lobb" {*Slow rN+ rCorr Dex+4} (You
                  | found it on level 6 of the Lair of Beasts)
 38038 | Lair:6   | Offered knowledge of Bolt of Cold by Vehumet.
 38451 | Swamp:1  | Entered Level 1 of the Swamp
 38782 | Swamp:1  | Got a pitted glaive
 38997 | Swamp:1  | Learned a level 7 spell: Orb of Destruction
 39091 | Swamp:1  | Reached skill level 15 in Conjurations
 40236 | Swamp:2  | Noticed Frances
 40258 | Swamp:2  | Killed Frances
 40399 | Swamp:2  | Noticed a thorn hunter
 40407 | Swamp:2  | Killed a thorn hunter
 40903 | Swamp:2  | Found an iron altar of Okawaru.
 41067 | Swamp:3  | Offered knowledge of Poison Arrow by Vehumet.
 41088 | Swamp:3  | Noticed Kirke
 41092 | Swamp:3  | Killed Kirke
 41496 | Swamp:3  | Noticed Donald
 41571 | Swamp:3  | Reached XP level 17. HP: 63/106 MP: 15/40
 41651 | Swamp:3  | Killed Donald
 42435 | Swamp:4  | Entered Level 4 of the Swamp
 42687 | Swamp:4  | Reached XP level 18. HP: 89/112 MP: 3/41
 43535 | Swamp:4  | Got a decaying rune of Zot
 43869 | Lair:3   | Killed Groucho's ghost
 43978 | Slime:1  | Entered Level 1 of the Pits of Slime
 43987 | Slime:1  | Gained mutation: You are partially covered in slimy green
                  | scales. (AC +2) [a shining eye]
 44139 | Lair:6   | Learned a level 6 spell: Iron Shot
 44207 | Snake:1  | Entered Level 1 of the Snake Pit
 44216 | Snake:1  | Reached skill level 1 in Earth Magic
 44380 | Snake:1  | Offered knowledge of Conjure Ball Lightning by Vehumet.
 46768 | Snake:2  | Found Assith's Assorted Antiques.
 46776 | Snake:2  | Identified a scroll of acquirement
 47427 | Snake:3  | Reached skill level 5 in Earth Magic
 47566 | Snake:3  | Reached skill level 10 in Fire Magic
 47908 | Snake:3  | Found Imurum's Distillery.
 47958 | Snake:3  | Found Wiam's Food Shoppe.
 47958 | Snake:3  | Found Moopoc's Food Emporium.
 47964 | Snake:3  | Found Qafyf's Gadget Shoppe.
 48388 | Snake:4  | Entered Level 4 of the Snake Pit
 48504 | Snake:4  | Noticed Aizul
 48513 | Snake:4  | Offered knowledge of Lehudib's Crystal Spear by Vehumet.
 48513 | Snake:4  | Offered knowledge of Glaciate by Vehumet.
 48513 | Snake:4  | Offered knowledge of Chain Lightning by Vehumet.
 48526 | Snake:4  | Killed Aizul
 48535 | Snake:4  | HP: 3/112 [shock serpent/bolt of electricity (24)]
 48964 | Snake:4  | Reached XP level 19. HP: 88/117 MP: 24/43
 48981 | Snake:4  | Noticed Vashnia
 49001 | Snake:4  | Killed Vashnia
 49666 | Snake:4  | Learned a level 9 spell: Glaciate
 50139 | Snake:4  | Got a serpentine rune of Zot
 50331 | Snake:4  | Found Misock's Gadget Shoppe.
 50333 | Snake:4  | Found Kakkainu's Jewellery Boutique.
 50334 | Snake:4  | Found Worpheuce's Gadget Shoppe.
 50517 | Slime:1  | Paralysed by a great orb of eyes for 6 turns
 50616 | Slime:1  | Gained mutation: You are clumsy. (Dex -2) [a shining eye]
 51934 | Slime:3  | Gained mutation: You occasionally shout uncontrollably at
                  | your foes. [a shining eye]
 52205 | Slime:2  | Paralysed by a floating eye for 3 turns
 52802 | Slime:3  | Gained mutation: Your body sometimes deteriorates upon
                  | taking damage. [a shining eye]
 52807 | Slime:3  | Gained mutation: You are dopey. (Int -2) [a shining eye]
 52814 | Slime:3  | Splashed with acid

Levels and vault maps discovered:
D:1:      sevenhm_arrival_forest_fort_small_6, layout_loops_ring, minivault_11
D:2:      layout_loops_ring, grunt_dithmenos_smoke
D:3:      layout_basic, chequers_ecumenical_altar_grove,
          uniq_crazy_yiuf_cottage, uniq_ijyb, uniq_natasha, uniq_robin
D:4:      layout_loops_cross, grunt_temple_overflow_order_and_chaos_2,
          minmay_temple_entry_fiery
D:5:      layout_cave_pools, first_ration, roderic_lattice_a
D:6:      layout_cave_pools, st_stairs_1, chequers_jeans, minmay_misc_feat_rows,
          kennysheep_generic_room_11
D:7:      minmay_chambers_of_sixes, layout_gridville
D:8:      layout_basic, lair_entry_dummy
D:9:      layout_irregular_city, orc_0_dummy, uniq_erica
D:10:     layout_stronghold, hangedman_fish_farm, nicolae_ru_awakened_eye
D:11:     layout_basic, uniq_gastronok
D:12:     layout_loops_ring, nicolae_alphabet_shops
D:13:     layout_long_grid, david_vaults_1, hangedman_corner_corridor,
          uniq_jorgrun
D:14:     layout_roguey, minmay_misc_feat_tower, serial_shops, shop
D:15:     hangedman_depths_entry_try_elsewhere_first, layout_irregular_city,
          hangedman_decor_peaks_small, minmay_librarian, uniq_louise
Temple:   regret_index_temple_chain_breaker
Lair:1:   layout_long_grid, chequers_serial_rivers_micro_d, st_stairs_12,
          bh_autumn_forest_stairs
Lair:2:   dpeg_oklob_gauntlet, layout_gridlike, skrybe_swamp_entry_bodies
Lair:3:   layout_regular_city, minmay_snake_entry_six_corridors,
          gammafunk_ghost_grave, beast_lair_carwin_1, serial_bayou_shore_b
Lair:4:   layout_gridlike, portal_ice_cave_entry_imps, wad_woods_03,
          minmay_lair_oklob_chamber, uniq_nessos
Lair:5:   layout_loops_ring, nicolae_quartered_pool_little, grunt_megastairs_2,
          serial_bayou_shore_b
Lair:6:   due_jungle_book, layout_long_grid, slime_altar_1
Swamp:1:  layout_basic_swamp, serial_swamp_ruin, evilmike_swamp_ruin_house_6,
          evilmike_swamp_ruin_house_5, evilmike_swamp_ruin_house_1,
          infiniplex_staircase_pool
Swamp:2:  layout_falls_marsh, nicolae_swamp_godswood, swamp_pool3, uniq_frances
Swamp:3:  layout_basic_swamp, nicolae_swamp_feature_on_the_river_bank,
          uniq_donald, uniq_kirke
Swamp:4:  swamp_alternative, layout_basic_swamp
Snake:1:  layout_chambers
Snake:2:  layout_layer_cave, serial_shops, shop_statue, drop_trap,
          nicolae_snake_single_loop, grunt_ministairs_2
Snake:3:  layout_cave_town, minmay_shoptagon
Snake:4:  snake_pit, layout_misc_corridors, minmay_shop_grove, uniq_aizul,
          uniq_vashnia
Slime:1:  nicolae_slime_pool, layout_caves, cheibrodos_slime_lost_civilization_4
Slime:2:  layout_caves
Slime:3:  layout_caves
Slime:4:  layout_caves, uniq_dissolution
Orc:1:    layout_caves, serial_shops, shop, rock_pile
Orc:2:    st_orc_open, layout_diamond_mine

Skill      XL: |  1  2  3  4  5  6  7  8  9 10 11 12 13 14 15 16 17 18 19 |
---------------+----------------------------------------------------------+-----
Spellcasting   | 4 5 6 7 9 10 12 13 14 15 17 18 19 | 19.6
Conjurations   | 5 6 7 8 9 10 11 12 13 14 16 17 19 | 19.1
Hexes          | 1 3 4 6 7 |  7.2
Armour         | 1 3 5 7 |  7.0
Dodging        | 3 6 8 10 | 10.0
Translocations | 4 |  4.3
Evocations     | 5 |  5.0
Fighting       | 1 4 5 8 11 12 | 12.4
Shields        | 4 6 7 |  7.0
Fire Magic     | 5 7 11 | 11.0
Ice Magic      | 4 6 8 |  8.8
Air Magic      | 3 6 |  6.3
Summonings     | 4 8 9 |  9.0
Earth Magic    | 7 |  7.1
Stealth        | |  2.4

Action                   |  1- 3 |  4- 6 |  7- 9 | 10-12 | 13-15 | 16-18 | 19-21 || total
-------------------------+-------+-------+-------+-------+-------+-------+-------++-------
Melee: Unarmed           |     4 |    23 |       |       |       |       |       ||    27
       Dagger            |     9 |    11 |       |       |       |       |       ||    20
       Quarterstaff      |       |    13 |       |       |       |       |       ||    13
       Trident           |       |       |    27 |    57 |   238 |       |       ||   322
       Long sword        |       |       |       |       |    53 |    25 |     7 ||    85
       Mace              |       |       |       |       |    29 |       |       ||    29
 Cast: Magic Dart        |    84 |   192 |   282 |   297 |   296 |       |       ||  1151
       Iskenderun's Myst |       |     7 |    42 |   218 |   517 |   260 |    92 ||  1136
       Fulminant Prism   |       |     1 |    14 |    46 |   106 |     2 |     1 ||   170
       Blink             |       |       |       |       |    18 |     5 |       ||    23
       Freezing Cloud    |       |       |       |       |    44 |    73 |    36 ||   153
       Spellforged Servi |       |       |       |       |     8 |    23 |    23 ||    54
       Bolt of Fire      |       |       |       |       |     4 |     6 |     2 ||    12
       Orb of Destructio |       |       |       |       |       |   135 |    21 ||   156
       Iron Shot         |       |       |       |       |       |    56 |    25 ||    81
Evoke: Wand              |       |       |       |    21 |    40 |    13 |       ||    74
       Phantom mirror    |       |       |       |     1 |       |       |       ||     1
       Sack of spiders   |       |       |       |       |       |       |     1 ||     1
  Use: Scroll            |       |       |       |     4 |    18 |     4 |       ||    26
       Potion            |       |       |       |     2 |    21 |     9 |     6 ||    38
 Stab: Sleeping          |       |       |       |     1 |       |       |       ||     1
       Distracted        |       |       |       |       |     1 |       |       ||     1
  Eat: Chunk             |     1 |     7 |    19 |    23 |    20 |    43 |     1 ||   114
       Ration            |       |     1 |       |     3 |    15 |    16 |     8 ||    43
Armor: Robe              |     4 |     9 |     9 |       |       |       |       ||    22
       Skin              |       |     2 |       |       |       |       |       ||     2
       Steam dragon scal |       |       |       |    15 |    69 |       |       ||    84
       Ring mail         |       |       |       |       |     3 |       |       ||     3
       Troll leather arm |       |       |       |       |    53 |    47 |    26 ||   126
Dodge: Dodged            |    14 |    43 |    53 |   113 |   319 |   169 |    40 ||   751
Block: Large shield      |       |       |       |    13 |   336 |       |       ||   349
       Buckler           |       |       |       |       |    88 |    73 |    20 ||   181
       Rpst.: Long sword |       |       |       |       |     8 |    25 |     4 ||    37
